 Dungeon Crawl Stone Soup version 0.30.1-3-gfc49f6343a (webtiles) character file.

Game seed: 9179740041105093101

2382 Destapler the Schismatic (level 9, -6/69 HPs)
             Began as a Demonspawn Gladiator on July 18, 2023.
             Was an Elder of Lugonu.
             Mangled by a komodo dragon (27 damage)
             ... on level 8 of the Dungeon.
             The game lasted 00:32:24 (8463 turns).

Destapler the Schismatic (Demonspawn Gladiator)     Turns: 8463, Time: 00:32:25

Health: -6/69      AC: 10    Str: 17    XL:     9   Next: 22%
Magic:  14/14      EV: 12    Int:  9    God:    Lugonu [****..]
Gold:   502        SH:  5    Dex: 17    Spells: 8/8 levels left

rFire   . . .        b - +5 spear
rCold   . . .        (no shield)
rNeg    + + .        n - +2 ring mail {rN+}
rPois   .            (helmet restricted)
rElec   .            o - +0 cloak
rCorr   .            u - +0 pair of gloves
SInv    .            t - +0 pair of boots
Will    .....        f - amulet "Quoxiak" {Reflect rN+ SH+5}
Stlth   ++           J - ring of flight
HPRegen 0.31/turn    (no ring)
MPRegen 0.14/turn

%: reflection
@: lethally poisoned (-6 -> -12), flying
A: horns 2, demonic guardian 2, weakness stinger 1
a: Renounce Religion, Depart the Abyss, Banish, Corrupt


You were on level 8 of the Dungeon.
You worshipped Lugonu.
Lugonu was greatly pleased with you.
You visited 1 branch of the dungeon, and saw 8 of its levels.
You also visited: Ossuary.

You collected 502 gold pieces.

Inventory:

Hand Weapons
 a - a +2 antimagic hammer
 b - a +5 spear (weapon)
Missiles
 c - 7 boomerangs (quivered)
 d - 4 throwing nets
 e - 3 javelins
 p - 15 poisoned darts
Armour
 n - a +2 ring mail of positive energy (worn)
 o - a +0 cloak (worn)
 s - a +2 robe
 t - a +0 pair of boots (worn)
 u - a +0 pair of gloves (worn)
Jewellery
 f - the amulet "Quoxiak" (around neck) {Reflect rN+ SH+5}
   (You acquired it on level 2 of the Dungeon)

   [amulet of reflection]

   It reflects blocked missile attacks.
   rN:        It protects you from negative energy.
   SH:        It affects your SH (+5).
 J - a ring of flight (left hand)
Wands
 g - a wand of paralysis (15)
 m - a wand of digging (2)
 r - a wand of light (10)
 z - a wand of polymorph (14)
 I - a wand of mindburst (11)
Scrolls
 i - a scroll of blinking
 l - a scroll of magic mapping
 v - a scroll of acquirement
 y - 9 scrolls of teleportation
 B - 3 scrolls of enchant weapon
 G - a scroll of amnesia {unknown}
Potions
 h - 2 potions of attraction
 j - a potion of ambrosia
 k - 6 potions of curing
 q - a potion of invisibility
 w - a potion of berserk rage
 x - a potion of might
 A - 7 potions of mutation {unknown}
 C - a potion of resistance {unknown}
 D - a potion of brilliance {unknown}
 E - 2 potions of lignification
 F - a potion of flight {unknown}
 H - 3 potions of heal wounds {unknown}
 L - 3 potions of haste {unknown}


   Skills:
 + Level 5.8 Fighting
 + Level 2.4 Short Blades
 - Level 2.3(3.0) Maces & Flails
 * Level 1.7(2.4) Polearms
 - Level 2.6(3.4) Staves
 - Level 4.0 Throwing
 - Level 2.0 Armour
 - Level 4.0 Dodging
 - Level 4.0 Stealth
 + Level 7.5 Invocations
 + Level 3.5 Evocations


You had 8 spell levels left.
You didn't know any spells.
Your spell library contained the following spells:

 Spells                   Type           Power      Damage    Failure   Level
 Ensorcelled Hibernation  Hex/Ice        0%         N/A       73%         2
 Passwall                 Tmut/Erth      0%         N/A       73%         2
 Sublimation of Blood     Necr           0%         N/A       73%         2
 Wereblood                Tmut           0%         N/A       73%         2
 Inner Flame              Hex/Fire       0%         N/A       91%         3
 Spider Form              Tmut/Pois      0%         N/A       91%         3
 Swiftness                Air            0%         N/A       91%         3
 Anguish                  Hex/Necr       0%         N/A       100%        4
 Yara's Violent Unravell  Hex/Tmut       0%         3d3       100%        5
 Enfeeble                 Hex            0%         N/A       100%        7
 Summon Hydra             Summ           0%         N/A       100%        7


Dungeon Overview and Level Annotations

Branches:
Dungeon (8/15)             Temple (0/1) D:7            Lair (0/5) D:8
Ossuary (visited)

Altars:
Sif Muna
Wu Jian
Lugonu


Innate Abilities, Weirdness & Mutations

You have a pair of horns on your head.
A demonic guardian rushes to your aid.
You have a small tail.


Message History

The killer bee stings you.
* * * LOW HITPOINT WARNING * * *
You are poisoned.
The killer bee poisons you! You block the killer bee's attack.
You hit the killer bee. You headbutt the killer bee.
The killer bee is heavily wounded.
You feel sick. The killer bee closely misses you. x2
The killer bee stings you but does no damage.
The killer bee barely misses you.
Your hellwing barely misses the killer bee.
Your hellwing hits the killer bee.
You feel better. The killer bee barely misses you.
The killer bee stings you but does no damage.
The komodo dragon bites your hellwing! You block the killer bee's attack.
The killer bee barely misses you.
Your hellwing hits the killer bee!
The killer bee dies!
Lugonu accepts your kill.
Reach: b) +5 spear
Press: ? - help, Dir - move target, f - komodo dragon
Aim: a komodo dragon (ally target, about 25% to evade your +5 spear)
You reach to attack!
You hit the komodo dragon.
The komodo dragon is lightly wounded.
The killer bee barely misses you. The killer bee stings you.
* * * LOW HITPOINT WARNING * * *
Your hellwing barely misses the komodo dragon.
Your hellwing hits the komodo dragon but does no damage.
You puncture the komodo dragon!
The komodo dragon is lightly wounded.
The killer bee stings you.
* * * LOW HITPOINT WARNING * * *
You are poisoned.
The killer bee poisons you! The komodo dragon barely misses you.
The killer bee stings you but does no damage.
You miss the killer bee.
You feel very sick. You block the killer bee's attack.
Your hellwing barely misses the komodo dragon.
Your hellwing hits the komodo dragon but does no damage.
The komodo dragon bites you!!
You die...

.# #.# #.##....# #....# #PP. .#
#.# #.##....#....... ##PP .#
#####.###.##....#... .###. =#
#...............#.#. #....
.####.....))............ ....#.
.........))............. ......
.####.###.###...##..#.## ......
.# ##.###.###...##..#.#####....#.
.# #..........4l@......<.........
.# #.####.###..y##..#.#.###.##.#.
.# #.# ### #.####..#.#.##.....#.
.# #.########.####..#.#.##.....#.
.###.##.............#.#.##.....#.
....................#.#.##.....#.
.###.##.............#.#..........
#.##..........................
#.#####.##.####...#####...<##.


You could see a komodo dragon (ally target), a killer bee and a friendly
hellwing (summoned).

Vanquished Creatures
  Sigmund (D:3)
  A water moccasin (D:6)
  3 ogres
  A phantom (D:5)
  A kobold brigand (D:8)
  A bullfrog (D:7)
  A gnoll sergeant (D:7)
  A scorpion (D:6)
  A wight (D:7)
  A killer bee (D:8)
  A howler monkey (D:5)
  2 centaur zombies (Ossuary)
  3 hounds
  A human zombie (Ossuary)
  2 jellies
  Crazy Yiuf (D:2)
  An iguana (D:4)
  A gnoll bouda (D:7)
  3 orc wizards
  4 mummies (Ossuary)
  12 adders
  10 gnolls
  2 white imps (D:6)
  7 adder zombies (Ossuary)
  3 worms
  14 orcs
  8 bats
  6 endoplasms
  6 giant cockroaches
  8 goblins
  4 hobgoblins (D:1)
  2 jackals (D:3)
  6 quokkas
  3 ball pythons
  3 frilled lizards
  A gnoll zombie (Ossuary)
  5 goblin zombies
  3 hobgoblin zombies (Ossuary)
  14 kobolds
  A kobold skeleton (D:6)
  8 kobold zombies
  An orc skeleton (D:6)
  5 orc zombies
  A quokka zombie (Ossuary)
  8 rats
  3 rat zombies (Ossuary)
175 creatures vanquished.

Vanquished Creatures (collateral kills)
  An ice beast (D:6)
  An orc warrior (D:7)
  2 wights (D:7)
  2 troll zombies (Ossuary)
  A killer bee (D:8)
  A centaur zombie (Ossuary)
  An iguana (D:4)
  An orc wizard (D:7)
  3 mummies (Ossuary)
  An adder (D:2)
  2 orcs (D:7)
  A ball python (D:4)
  A goblin (D:3)
  A kobold (D:4)
19 creatures vanquished.

Grand Total: 194 creatures vanquished

Notes
Turn   | Place    | Note
-------+----------+-------------------------------------------
     0 | D:1      | Destapler the Demonspawn Gladiator began the quest for the
                  | Orb.
     0 | D:1      | Reached XP level 1. HP: 16/16 MP: 1/1
   263 | D:1      | Gained mutation: A weak demonic guardian rushes to your
                  | aid. [demonic ancestry]
   263 | D:1      | Reached XP level 2. HP: 6/22 MP: 2/2
   501 | D:1      | Reached XP level 3. HP: 28/28 MP: 3/3
   866 | D:1      | Found a faded altar of an unknown god.
   887 | D:1      | Prayed at the altar of an unknown god.
   887 | D:1      | Became a worshipper of Lugonu the Unformed
   887 | D:1      | Reached * piety under Lugonu
  1184 | D:2      | Reached skill level 1 in Invocations
  1229 | D:2      | Identified a scroll of acquirement
  1229 | D:2      | Acquired the amulet "Quoxiak" {Reflect rN+ SH+5}
  1241 | D:2      | Gained mutation: A demonic guardian rushes to your aid.
                  | [demonic ancestry]
  1241 | D:2      | Reached XP level 4. HP: 15/35 MP: 3/5
  1421 | D:2      | Found a shimmering blue altar of Sif Muna.
  1446 | D:2      | Found a runed translucent door.
  1447 | D:2      | Noticed Crazy Yiuf
  1459 | D:2      | Killed Crazy Yiuf
  1460 | D:2      | Reached skill level 2 in Invocations
  1504 | D:2      | Reached skill level 3 in Invocations
  2129 | D:3      | Discovered your monstrous ancestry.
  2129 | D:3      | Gained mutation: You have a pair of small horns on your
                  | head. [demonic ancestry]
  2129 | D:3      | Reached XP level 5. HP: 41/41 MP: 7/7
  2175 | D:3      | Reached skill level 4 in Invocations
  2255 | D:3      | Noticed Sigmund
  2273 | D:3      | Killed Sigmund
  2273 | D:3      | Reached ** piety under Lugonu
  2274 | D:3      | Reached skill level 1 in Evocations
  2274 | D:3      | Gained mutation: You have a pair of horns on your head.
                  | [demonic ancestry]
  2274 | D:3      | Reached XP level 6. HP: 42/47 MP: 3/9
  2371 | D:3      | Reached skill level 1 in Stealth
  2779 | D:4      | Reached skill level 1 in Armour
  2791 | D:4      | Reached skill level 1 in Maces & Flails
  3022 | D:4      | Found a sand-covered staircase.
  3026 | Ossuary  | Entered an ossuary
  3115 | Ossuary  | HP: 2/47 [troll zombie (4)]
  3118 | Ossuary  | Reached XP level 7. HP: 3/52 MP: 3/10
  3439 | Ossuary  | Reached *** piety under Lugonu
  3585 | Ossuary  | Reached skill level 5 in Invocations
  4406 | D:5      | Entered Level 5 of the Dungeon
  4885 | D:5      | Gained mutation: You have a small tail. [demonic ancestry]
  4885 | D:5      | Reached XP level 8. HP: 60/60 MP: 4/12
  5411 | D:6      | Reached skill level 6 in Invocations
  5581 | D:6      | Reached **** piety under Lugonu
  5822 | D:6      | Reached skill level 5 in Fighting
  6176 | D:7      | Reached skill level 1 in Short Blades
  6356 | D:7      | Found a staircase to the Ecumenical Temple.
  6371 | D:7      | Reached skill level 7 in Invocations
  6612 | D:7      | Found an ornate altar of the Wu Jian Council.
  6752 | D:7      | Reached XP level 9. HP: 36/68 MP: 4/14
  7250 | D:7      | Reached skill level 1 in Polearms
  7948 | D:8      | Found a staircase to the Lair.
  7952 | D:8      | Noticed a komodo dragon
  8463 | D:8      | Mangled by a komodo dragon

Illustrated notes

Levels and vault maps discovered:
D:1:      lightli_arrival_flooded_house, layout_basic,
          nicolae_ecumenical_snake_handling, minmay_vboxes
D:2:      layout_loops_ring, basic_altar, grunt_decor_junction,
          uniq_crazy_yiuf_cottage
D:3:      layout_basic, minmay_increasing_density, uniq_sigmund
D:4:      layout_rooms, enter_ossuary_5
D:5:      layout_loops_corners, cheibrodos_sewer_entry_bend,
          hangedman_decor_slide_cut
D:6:      layout_loops_ring, nicolae_tso_besieged_by_evil
D:7:      layout_loops_ring, kennysheep_mini, temple_fountains,
          minmay_misc_feat_pillars
D:8:      layout_basic, david_lair_shrubbed

Skill      XL: |  1  2  3  4  5  6  7  8  9 |
---------------+----------------------------+-----
Throwing       | 2 3 4 |  4.0
Dodging        | 3 4 |  4.0
Fighting       | 3 4 5 |  5.8
Invocations    | 1 3 4 5 7 |  7.5
Evocations     | 1 2 3 |  3.5
Stealth        | 1 2 4 |  4.0
Armour         | 1 2 |  2.0
Maces & Flails | 1 2 |  2.3
Short Blades   | 2 |  2.4
Polearms       | 1 |  1.7
Staves         | |  2.6

Action                     |  1- 3 |  4- 6 |  7- 9 || total
---------------------------+-------+-------+-------++-------
  Melee: Short sword       |   132 |     8 |       ||   140
         Quarterstaff      |     3 |    28 |       ||    31
         Punch             |     1 |     2 |     1 ||     4
         Mace              |       |    82 |   294 ||   376
         Headbutt          |       |    22 |    73 ||    95
         Tailslap          |       |       |    29 ||    29
         Spear             |       |       |    56 ||    56
  Throw: Throwing net      |       |     1 |     1 ||     2
         Javelin           |       |       |     5 ||     5
         Dart              |       |       |     4 ||     4
         Boomerang         |       |       |     2 ||     2
  Evoke: Wand              |       |       |     1 ||     1
    Use: Scroll            |     7 |     4 |     7 ||    18
         Potion            |     2 |       |     1 ||     3
   Stab: Sleeping          |     1 |     7 |    13 ||    21
         Held in net/web   |       |     1 |     1 ||     2
 Armour: Skin              |    23 |       |       ||    23
         Leather armour    |    42 |    11 |       ||    53
         Robe              |       |    18 |    99 ||   117
         Ring mail         |       |       |    22 ||    22
  Dodge: Dodged            |    85 |    61 |   254 ||   400
  Block: Other             |       |    21 |    99 ||   120
